 Dungeon Crawl Stone Soup version 0.29.1-2-gbd0b4ee654 (webtiles) character file.

Game seed: 15609862913236522508

2 xian the Firebug (level 1, -1/13 HPs)
             Began as a Demonspawn Fire Elementalist on Nov 22, 2022.
             Frozen to death by an endoplasm (2 damage)
             ... on level 1 of the Dungeon.
             The game lasted 00:00:17 (46 turns).

xian the Firebug (Demonspawn Fire Elementalist)       Turns: 46, Time: 00:00:19

Health: -1/13      AC:  2    Str:  8    XL:     1   Next: 25%
Magic:  0/3        EV: 12    Int: 16    God:
Gold:   8          SH:  0    Dex: 13    Spells: 3/4 levels left

rFire   . . .      SeeInvis .   c - +0 whip
rCold   . . .      Faith    .   (no shield)
rNeg    . . .      Spirit   .   a - +0 robe
rPois   .          Reflect  .   (no helmet)
rElec   .          Harm     .   (no cloak)
rCorr   .          Rampage  .   (no gloves)
Will    .....                   (no boots)
Stlth   ++........              (no amulet)
HPRegen 0.04/turn               (no ring)
MPRegen 0.08/turn               (no ring)

@: no status effects
A: no striking features
a: no special abilities


You were on level 1 of the Dungeon.
You visited 1 branch of the dungeon, and saw 1 of its levels.

You collected 8 gold pieces.

Inventory:

Hand Weapons
 c - a +0 whip (weapon)
Armour
 a - a +0 robe (worn)
Potions
 b - a potion of magic


   Skills:
 + Level 1.7 Dodging
 + Level 1.7 Stealth
 + Level 2.1 Spellcasting
 + Level 1.0 Conjurations
 + Level 2.7 Fire Magic


You had 3 spell levels left.
You knew the following spells:

 Your Spells              Type           Power      Damage    Failure   Level
a - Foxfire               Conj/Fire      28%        2x1d5     10%         1

Your spell library contained the following spells:

 Spells                   Type           Power      Damage    Failure   Level
 Scorch                   Fire           20%        2d6       10%         2
 Conjure Flame            Conj/Fire      7%         6-21      28%         3
 Inner Flame              Hex/Fire       6%         N/A       34%         3
 Flame Wave               Conj/Fire      7%         2d5       67%         4


Dungeon Overview and Level Annotations

Branches:
Dungeon (1/15)

Altars:


Message History

The quokka barely misses you. The frilled lizard barely misses you.
The rat attacks as you move away! The rat bites you but does no damage.
The endoplasm quivers.
The rat attacks as you move away! The rat closely misses you.
The rat attacks as you move away! The rat bites you.
The frilled lizard attacks as you move away!
The frilled lizard bites you but does no damage.
You see here a +0 whip.
c - a +0 whip The quokka completely misses you.
The quokka misses you. The frilled lizard barely misses you.
Really attack while wielding nothing?
Okay, then.
The quokka closely misses you. The frilled lizard misses you.
The frilled lizard bites you.
c - a +0 whip (weapon)
The quokka barely misses you.
Unknown command.
You are too injured to fight recklessly!
Unknown command.
Casting: Foxfire (safe; 10% risk of failure)
Confirm with . or Enter, or press ? or * to list all spells.
You conjure some foxfire!
The frilled lizard bites you.
* * * LOW HITPOINT WARNING * * *
The quokka misses you.
Unknown command.
The frilled lizard attacks as you move away!
The frilled lizard bites you.
* * * LOW HITPOINT WARNING * * *
The foxfire hits the quokka.
You kill the quokka!
The foxfire hits the endoplasm.
The endoplasm is severely wounded.
The frilled lizard attacks as you move away!
The frilled lizard closely misses you. The rat attacks as you move away!
The rat bites you.
* * * LOW HITPOINT WARNING * * *
The endoplasm freezes you.
You are frozen.
You die...

....................
.......................
..................#####
..................# #..
..................# #.#
............>....# #.
...................
#####.Jr........####
#....@lr†.......#
#.###############


You could see an endoplasm, a frilled lizard and 2 rats.

Vanquished Creatures
  A quokka (D:1)
  A ball python (D:1)
2 creatures vanquished.

Vanquished Creatures (others)
  5 foxfires (D:1)
5 creatures vanquished.

Grand Total: 7 creatures vanquished

Notes
Turn   | Place    | Note
-------+----------+-------------------------------------------
     0 | D:1      | xian the Demonspawn Fire Elementalist began the quest for
                  | the Orb.
     0 | D:1      | Reached XP level 1. HP: 13/13 MP: 3/3
    46 | D:1      | Frozen to death by an endoplasm

Illustrated notes

Levels and vault maps discovered:
D:1:      grunt_arrival_crossed_arrows, layout_basic,
          ebering_ecumenical_altar_abandoned, minmay_tromino_v4_b

Action                   || total
-------------------------++-------
Melee: Unarmed           ||     2
 Cast: Foxfire           ||     3
Armor: Robe              ||     3
Dodge: Dodged            ||    14
